 Dungeon Crawl Stone Soup version 0.26-a0-812-g31a745ddcd (webtiles) character file.

Game seed: 11035817330492796848

115 night the Skirmisher (level 4, -3/38 HPs)
             Began as a Demonspawn Monk on Nov 30, 2020.
             Slain by Pikel
             ... wielding a +2 whip of freezing
              (5 damage)
             ... on level 3 of the Dungeon.
             The game lasted 00:09:01 (3453 turns).

night the Skirmisher (Demonspawn Monk)              Turns: 3453, Time: 00:09:02

Health: -3/38      AC:  4    Str: 11    XL:     4   Next: 68%
Magic:  13/13      EV: 12    Int: 13    God:
Gold:   145        SH:  4    Dex: 15    Spells: 3/3 levels left

rFire    . . .     SeeInvis .     - Unarmed
rCold    + . .     Faith    .   d - +0 buckler
rNeg     . . .     Spirit   .   g - +0 leather armour (curse)
rPois    .         Reflect  .   l - +0 hat
rElec    .         Harm     .   (no cloak)
rCorr    .         Rampage  .   (no gloves)
MR       .....                  (no boots)
Stlth    ++........             (no amulet)
HPRegen  0.12/turn              e - ring of magical power
MPRegen  0.13/turn              b - ring of protection from cold

@: no status effects
A: hooves 1, sharp scales 1
a: no special abilities


You were on level 3 of the Dungeon.
You visited 1 branch of the dungeon, and saw 4 of its levels.

You collected 145 gold pieces.

Inventory:

Armour
 a - a +0 robe
 d - a +0 buckler (worn)
 g - a cursed +0 leather armour (worn)
 l - a +0 hat (worn)
Jewellery
 b - a ring of protection from cold (right hand)
 e - a ring of magical power (left hand)
 j - an uncursed ring of ice
 k - an uncursed ring of fire
Scrolls
 i - 2 scrolls of magic mapping
Potions
 c - 3 potions of lignification
 f - a potion of mutation
 h - 3 potions of curing


   Skills:
 + Level 4.3 Fighting
 - Level 2.6 Dodging
 - Level 1.7 Stealth
 + Level 0.6 Shields
 + Level 3.9 Unarmed Combat


You had 3 spell levels left.
You didn't know any spells.
Your spell library was empty.

Dungeon Overview and Level Annotations

Branches:
Dungeon (4/15)
 Temple: D:4-7

Altars:
Fedhas

Annotations:
D:2 Sigmund
D:3 Pikel


Innate Abilities, Weirdness & Mutations

You have large cloven feet.
You are partially covered in razor-sharp scales. (AC +1, Slay +1)


Message History

You completely miss Pikel.
Pikel is almost dead.
Pikel hits you but does no damage.
You hit Pikel.
Pikel is almost dead.
Pikel closely misses you.
You miss Pikel. Your kick misses Pikel.
Pikel is almost dead.
Pikel hits you with a +2 whip of freezing.
* * * LOW HITPOINT WARNING * * *
You barely miss Pikel.
Pikel is almost dead.
Pikel hits you with a +2 whip of freezing.
* * * LOW HITPOINT WARNING * * *
Pikel freezes you.
* * * LOW HITPOINT WARNING * * *
You hit Pikel but do no damage.
Pikel is almost dead.
Pikel hits you with a +2 whip of freezing.
You die...

......##.......#
#............#..
...##....##..#.#
##...........#.#
....##.........# #....#####.....
###.#...#......####....# ##...##
#...###........##....####....#
##.### ##.###.........#.....####
#....###..####.######........###
#............#..## ###..##......
#....#..####..K@.# #.......####.
#......## #########.#..##.# ##.
##)..### #......###.# #.. #..##
#...######.###.# #..#
##.(###.......... ###..##
####..## #........รท.
#.....########....)# #..........
#.................## #..........
#.....###.......### #..........


You could see Pikel.

Vanquished Creatures
  Terence (D:3)
  2 adders
  3 worms
  2 dart slugs
  3 leopard geckos
  2 orcs (D:3)
  3 giant cockroaches
  9 goblins
  6 hobgoblins
  2 jackals (D:3)
  A quokka (D:3)
  4 bats
  2 frilled lizards
  5 kobolds
  8 rats
53 creatures vanquished.

Notes
Turn   | Place    | Note
-------+----------+-------------------------------------------
     0 | D:1      | night the Demonspawn Monk began the quest for the Orb.
     0 | D:1      | Reached XP level 1. HP: 18/18 MP: 1/1
     6 | D:1      | Noticed a worker ant
     6 | D:1      | Noticed a tyrant leech
     6 | D:1      | Noticed a basilisk
     7 | D:1      | Noticed an ettin
   350 | D:1      | Gained mutation: You are partially covered in razor-sharp
                  | scales. (AC +1, Slay +1) [demonic ancestry]
   350 | D:1      | Reached XP level 2. HP: 24/24 MP: 2/2
  1014 | D:2      | Noticed Sigmund
  1238 | D:3      | Gained mutation: You have large cloven feet. [demonic
                  | ancestry]
  1238 | D:3      | Reached XP level 3. HP: 29/29 MP: 3/3
  1285 | D:3      | Found a blossoming altar of Fedhas.
  1972 | D:2      | Reached skill level 4 in Fighting
  2494 | D:3      | Reached XP level 4. HP: 37/37 MP: 4/4
  2754 | D:3      | Noticed Terence
  2777 | D:3      | Killed Terence
  3081 | D:4      | Noticed Pikel
  3081 | D:4      | Noticed a lemure
  3081 | D:4      | Noticed a lemure
  3081 | D:4      | Noticed a lemure
  3081 | D:4      | Noticed a lemure
  3113 | D:4      | HP: 5/38 [Pikel/+2 whip of freezing (5)]
  3153 | D:3      | HP: 5/38 [Pikel/+2 whip of freezing (4)]
  3452 | D:3      | HP: 3/38 [Pikel/+2 whip of freezing (6)]
  3453 | D:3      | Slain by Pikel

Illustrated notes

Levels and vault maps discovered:
D:1:      onia_arrival_zoo_common, layout_basic, moated_statue
D:2:      layout_loops_corners, uniq_sigmund
D:3:      layout_rooms, lemuel_round_altar, uniq_terence
D:4:      layout_basic, gammafunk_temple_overflow_pools,
          minmay_temple_entry_mist, minmay_misc_feat_hallway, uniq_pikel

Skill      XL: |  1  2  3 |
---------------+----------+-----
Unarmed Combat | 3 |  3.9
Fighting       | 4 |  4.3
Dodging        | |  2.6
Stealth        | |  1.7
Shields        | |  0.6

Action                   |  1- 3 |  4- 6 || total
-------------------------+-------+-------++-------
Melee: Unarmed           |   119 |   100 ||   219
       Kick              |    13 |    23 ||    36
  Use: Potion            |     6 |       ||     6
       Scroll            |     1 |     4 ||     5
 Stab: Sleeping          |     4 |       ||     4
Armor: Leather armour    |    23 |    10 ||    33
       Robe              |     1 |       ||     1
       Skin              |     4 |       ||     4
Dodge: Dodged            |    54 |    41 ||    95
Block: Buckler           |    17 |    14 ||    31

Table legend: (Time is in decaauts)
 A = Elapsed time spent in this place.
 B = Non-inter-level travel time spent in this place.
 C = Inter-level travel time spent in this place.
 D = Time resting spent in this place.
 E = Time spent auto-exploring this place.
 F = Levels seen in this place.
 G = Mean time per level.
                   A        B        C        D        E       F      G
               +--------+--------+--------+--------+--------+-----+--------+
         Total |   3445 |   3327 |    118 |    566 |   1982 |   4 |  861.2 |
       Dungeon |   3445 |   3327 |    118 |    566 |   1982 |   4 |  861.2 |
               +--------+--------+--------+--------+--------+-----+--------+

Top non-repeatable levels by time:
     D:1: 1149 daAuts
     D:2: 1120 daAuts
     D:3: 1056 daAuts
     D:4: 118 daAuts
